 Dungeon Crawl Stone Soup version 0.29.0-13-gc9e81de378 (webtiles) character file.

Game seed: 11114110276758676718

789 DoubleLucky the Firebug (level 7, 0/45 (50) HPs)
             Began as a Green Draconian Fire Elementalist on Sept 9, 2022.
             Was an Initiate of Ru.
             Slain by an orc warrior
             ... wielding a +1 hand axe of draining
              (2 damage)
             ... on level 6 of the Dungeon.
             The game lasted 00:19:46 (6996 turns).

DoubleLucky the Firebug (DrFE)                      Turns: 6996, Time: 00:19:47

HP:   0/45 (50)     AC: 10    Str: 10    XL:     7   Next: 56%
MP:   4/15          EV: 16    Int: 17    God:    Ru [......]
Gold: 240           SH:  0    Dex: 12    Spells: 11/17 levels left

rFire   . . .      SeeInvis .   d - +1 dagger
rCold   . . .      Faith    .   (no shield)
rNeg    . . .      Spirit   .   (body armour unavailable)
rPois   +          Reflect  .   (helmet restricted)
rElec   .          Harm     .   (no cloak)
rCorr   .          Rampage  .   (no gloves)
Will    .....                   (no boots)
Stlth   ++........              (no amulet)
HPRegen 0.15/turn               c - +4 ring of evasion
MPRegen 0.14/turn               g - +4 ring of protection

@: short of breath, heavily drained
A: breathe noxious fumes, AC +6, unfitting armour, poison resistance,
cold-blooded
a: Breathe Noxious Fumes, Renounce Religion, Sacrifice Courage, Sacrifice
Resistance, Sacrifice Arcana, Reject Sacrifices


You were on level 6 of the Dungeon.
You worshipped Ru.
Ru was noncommittal.
You visited 1 branch of the dungeon, and saw 6 of its levels.

You collected 240 gold pieces.

Inventory:

Hand Weapons
 d - a +1 dagger (weapon)
Jewellery
 c - a +4 ring of evasion (left hand)
 g - a +4 ring of protection (right hand)
 l - an amulet of guardian spirit
 A - a ring of ice
 B - a ring of positive energy
 D - a +4 ring of slaying
Wands
 s - a wand of roots (5)
Scrolls
 b - 2 scrolls of teleportation {unknown}
 e - 4 scrolls of identify {unknown}
 h - a scroll of summoning {unknown}
 i - 2 scrolls of amnesia
 j - 2 scrolls of enchant weapon
 n - a scroll of vulnerability {unknown}
 o - a scroll of immolation {unknown}
 p - 2 scrolls of enchant armour {unknown}
 q - 2 scrolls of magic mapping {unknown}
 u - a scroll of noise {unknown}
 y - a scroll of silence {unknown}
 z - a scroll of torment {unknown}
Potions
 f - a potion of mutation {unknown}
 k - 3 potions of attraction {unknown}
 m - 3 potions of curing {unknown}
 r - a potion of ambrosia {unknown}
 t - 2 potions of brilliance {unknown}
 v - a potion of might {unknown}
 w - a potion of degeneration {unknown}
 x - a potion of resistance {unknown}
 C - a potion of experience {unknown}


   Skills:
 - Level 1.7 Dodging
 - Level 1.7 Stealth
 + Level 5.8 Spellcasting
 - Level 1.0 Conjurations
 + Level 6.7 Fire Magic


You had 11 spell levels left.
You knew the following spells:

 Your Spells              Type           Power      Damage    Failure   Level
a - Foxfire               Conj/Fire      72%        2x1d7     2%          1
b - Scorch                Fire           54%        2d7       1%          2
c - Inner Flame           Hex/Fire       16%        N/A       10%         3

Your spell library contained the following spells:

 Spells                   Type           Power      Damage    Failure   Level
 Conjure Flame            Conj/Fire      18%        6-21      9%          3
 Static Discharge         Conj/Air       6%         3-4/arc   16%         2
 Flame Wave               Conj/Fire      18%        2d7       26%         4
 Dazzling Flash           Conj/Hex       12%        N/A       32%         3
 Gell's Gravitas          Tloc           4%         N/A       36%         3
 Teleport Other           Tloc           4%         N/A       36%         3
 Animate Dead             Necr           4%         N/A       78%         4
 Passage of Golubria      Tloc           4%         N/A       78%         4
 Lightning Bolt           Conj/Air       3%         1d14      96%         5
 Agony                    Necr           4%         N/A       98%         5
 Borgnjor's Vile Clutch   Necr/Erth      2%         N/A       98%         5
 Silence                  Hex/Air        2%         N/A       98%         5
 Death Channel            Necr           2%         N/A       100%        6
 Dispersal                Tloc           2%         N/A       100%        6
 Lehudib's Crystal Spear  Conj/Erth      3%         10d2      100%        8
 Maxwell's Capacitive Co  Air            2%         ∞         100%        8


Dungeon Overview and Level Annotations

Branches:
Dungeon (6/15)
 Temple: D:4-7

Altars:
Ru
Vehumet

Shops:
D:2 [

Annotations:
D:5 exclusion: statue


Innate Abilities, Weirdness & Mutations

You can breathe blasts of noxious fumes.
Your lurid green scales are hard. (AC +6)
You cannot fit into any form of body armour.
Your system is resistant to poisons. (rPois)
You are cold-blooded and may be slowed by cold attacks.


Message History

The foxfire hits the orc warrior.
The orc warrior is lightly wounded.
The foxfire hits the howler monkey!
The howler monkey is burned terribly!
You kill the howler monkey!
The orc warrior hits you but does no damage.
You feel drained.
Casting: Scorch (safe; 1% risk of failure)
Confirm with . or Enter, or press ? or * to list all spells.
Flames lash the sky beast.
You kill the sky beast!
The orc warrior hits you but does no damage.
You feel drained.
Casting: Scorch (safe; 1% risk of failure)
Confirm with . or Enter, or press ? or * to list all spells.
Flames lash the orc warrior.
The orc warrior is moderately wounded.
The orc warrior's fire resistance burns away.
The orc warrior hits you but does no damage.
You feel drained.
Casting: Scorch (safe; 1% risk of failure)
Confirm with . or Enter, or press ? or * to list all spells.
Flames lash the orc warrior but do no damage.
The orc warrior misses you.
Casting: Scorch (safe; 1% risk of failure)
Confirm with . or Enter, or press ? or * to list all spells.
You conjure some foxfire!
The orc warrior hits you with a +1 hand axe of draining!
* * * LOW HITPOINT WARNING * * *
You feel drained.
* * * LOW HITPOINT WARNING * * *
Casting: Foxfire (safe; 2% risk of failure)
Confirm with . or Enter, or press ? or * to list all spells.
Flames lash the orc warrior.
The orc warrior is burned terribly!
The orc warrior is severely wounded.
The foxfire hits the orc warrior but does no damage.
The orc warrior is severely wounded.
The foxfire hits the orc warrior but does no damage.
The orc warrior is severely wounded.
The orc warrior hits you with a +1 hand axe of draining.
You die...

.... ...#....#........
......###.##..##.##.....
.................##.....
............#....##.....
...............####.....
....(......>...# #.....
............#### ####.#
............# #.#
...[..§@....####
.....†§†o.......
.....~........##
##.###........# ..
#..###.).# . #..# ###..
...# .. .#..# ..#..#


You could see an orc warrior (combustible).

Vanquished Creatures
  A sky beast (D:6)
  A black bear (D:4)
  2 scorpions (D:6)
  A howler monkey (D:6)
  A hound (D:4)
  A jelly (D:5)
  A gnoll bouda (D:4)
  3 iguanas
  Ijyb (D:3)
  2 orc wizards
  A mummy (D:6)
  3 gnolls (D:4)
  4 adders
  A shadow imp (D:6)
  An ufetubus (D:6)
  2 worms
  A dart slug (D:4)
  14 orcs
  4 ball pythons
  4 bats
  12 endoplasms
  3 giant cockroaches
  9 hobgoblins
  2 jackals (D:4)
  5 quokkas
  2 frilled lizards
  8 goblins
  A hobgoblin zombie (D:6)
  6 kobolds
  A kobold zombie (D:6)
  2 orc zombies (D:6)
  A quokka zombie (D:5)
  7 rats
  A rat zombie (D:5)
109 creatures vanquished.

Vanquished Creatures (others)
  362 foxfires
362 creatures vanquished.

Grand Total: 471 creatures vanquished

Notes
Turn   | Place    | Note
-------+----------+-------------------------------------------
     0 | D:1      | DoubleLucky the Draconian Fire Elementalist began the quest
                  | for the Orb.
     0 | D:1      | Reached XP level 1. HP: 14/14 MP: 3/3
   144 | D:1      | Found a faded altar of an unknown god.
   361 | D:1      | Reached XP level 2. HP: 13/20 MP: 3/5
  1452 | D:2      | Reached XP level 3. HP: 26/26 MP: 2/7
  1520 | D:2      | Learned a level 2 spell: Scorch
  1794 | D:2      | Found Lovif's Armour Shoppe.
  2950 | D:3      | Noticed Ijyb
  2953 | D:3      | Reached skill level 4 in Fire Magic
  2991 | D:3      | Killed Ijyb
  2992 | D:3      | Reached XP level 4. HP: 4/33 MP: 0/8
  4110 | D:4      | Noticed a black bear
  4146 | D:4      | Killed a black bear
  4147 | D:4      | Reached XP level 5. HP: 38/38 MP: 1/11
  4433 | D:4      | Reached skill level 5 in Fire Magic
  4703 | D:4      | Reached XP level 6. HP: 45/45 MP: 5/12
  4978 | D:4      | Found a sacrificial altar of Ru.
  4986 | D:4      | Became a worshipper of Ru the Awakened
  5412 | D:5      | Entered Level 5 of the Dungeon
  5467 | D:5      | Learned a level 3 spell: Inner Flame
  6029 | D:5      | Found a radiant altar of Vehumet.
  6070 | D:5      | Found a sand-covered staircase.
  6673 | D:5      | Reached skill level 5 in Spellcasting
  6755 | D:6      | Reached skill level 6 in Fire Magic
  6757 | D:6      | Your scales start taking on a lurid green colour.
  6757 | D:6      | Reached XP level 7. HP: 47/50 MP: 7/14
  6757 | D:6      | Gained mutation: Your system is resistant to poisons.
                  | (rPois) [Green Draconian growth]
  6995 | D:6      | HP: 1/45 [orc warrior/+1 hand axe of draining (5)]
  6996 | D:6      | Slain by an orc warrior

Illustrated notes

Levels and vault maps discovered:
D:1:      elethiomel_arrival_shortcut, layout_basic,
          shapermc_ecumenical_altar_venn, feat_on_display
D:2:      minmay_alternating_diamond, layout_loops_ring, serial_shops,
          nicolae_lakefront_shop, nicolae_underground_beach
D:3:      kennysheep_the_goblin_king, layout_basic, minmay_puff
D:4:      layout_rooms, nicolae_ru_sacrificial_ziggurat
D:5:      layout_layer_cave, vehumet_statue, enter_ossuary_4
D:6:      layout_basic, amethyst_overflow_temple_binary,
          nicolae_qazlal_style_of_elements, st_stairs_3, dk_noncrumbling_3,
          minmay_misc_feat_cross, minmay_mini_ossuary

Skill      XL: |  1  2  3  4  5  6 |
---------------+-------------------+-----
Spellcasting   | 3 4 5 |  5.8
Fire Magic     | 4 5 6 |  6.7
Dodging        | |  1.7
Stealth        | |  1.7
Conjurations   | |  1.0

Action                   |  1- 3 |  4- 6 |  7- 9 || total
-------------------------+-------+-------+-------++-------
Melee: War axe           |     6 |       |       ||     6
       Tailslap          |     1 |     7 |       ||     8
       Dagger            |    15 |    28 |     5 ||    48
 Cast: Foxfire           |    94 |    95 |    31 ||   220
       Scorch            |       |    24 |     7 ||    31
 Abil: Breathe Noxious F |       |       |     2 ||     2
  Use: Scroll            |       |     2 |       ||     2
       Potion            |       |       |     1 ||     1
Armor: Skin              |    17 |    11 |    10 ||    38
Dodge: Dodged            |    39 |    24 |    14 ||    77
